 Dungeon Crawl Stone Soup version 0.30-a0-4-ga7cffc901d (webtiles) character file.

Game seed: 15123217035080946409

1246 Setbun the Cutter (level 8, -13/48 HPs)
             Began as a Kobold Enchanter on Aug 20, 2022.
             Was an Initiate of Fedhas.
             Killed by divine providence
             ... invoked by an orc priest
              (16 damage)
             ... on level 6 of the Dungeon.
             The game lasted 00:06:24 (5440 turns).

Setbun the Cutter (Kobold Enchanter)                Turns: 5440, Time: 00:06:25

Health: -13/48     AC:  3    Str:  5    XL:     8   Next: 79%
Magic:  4/14       EV: 17    Int: 16    God:    Fedhas [......]
Gold:   205        SH:  0    Dex: 18    Spells: 10/15 levels left

rFire   . . .      SeeInvis +    v - +2 short sword (drain)
rCold   . . .      Faith    .    (no shield)
rNeg    . . .      Spirit   .    b - +0 robe
rPois   .          Reflect  .    f - +0 hat {SInv}
rElec   .          Harm     .    (no cloak)
rCorr   .          Rampage  .    o - +0 pair of gloves
Will    .....                    (no boots)
Stlth   +++++.....               m - amulet of the acrobat
HPRegen 0.16/turn                (no ring)
MPRegen 0.14/turn                (no ring)

@: no status effects
A: small, no large weapons, nightstalker 3
a: Renounce Religion


You were on level 6 of the Dungeon.
You worshipped Fedhas.
Fedhas was noncommittal.
You visited 2 branches of the dungeon, and saw 7 of its levels.

You collected 205 gold pieces.

Inventory:

Hand Weapons
 a - a +1 dagger
 v - a +2 short sword of draining (weapon)
Armour
 b - a +0 robe (worn)
 f - a +0 hat of see invisible (worn)
 o - a +0 pair of gloves (worn)
Jewellery
 m - an amulet of the acrobat (around neck)
 x - a ring of flight
 A - a +6 ring of strength
Wands
 j - a wand of polymorph (10)
 z - a wand of charming (9)
Scrolls
 d - 6 scrolls of identify {unknown}
 g - a scroll of vulnerability {unknown}
 i - 3 scrolls of poison {unknown}
 l - 2 scrolls of teleportation {unknown}
 s - a scroll of enchant armour {unknown}
 t - a scroll of noise {unknown}
 w - a scroll of amnesia {unknown}
 y - a scroll of torment {unknown}
Potions
 c - 2 potions of invisibility
 e - 2 potions of brilliance {unknown}
 h - 3 potions of attraction {unknown}
 k - 4 potions of lignification {unknown}
 n - 3 potions of curing {unknown}
 p - a potion of flight {unknown}
 q - a potion of cancellation {unknown}
 r - 4 potions of heal wounds {unknown}
 u - a potion of degeneration {unknown}


   Skills:
 + Level 3.6 Fighting
 * Level 7.0 Short Blades
 + Level 5.1 Dodging
 + Level 6.8 Stealth
 + Level 4.2 Spellcasting
 + Level 4.7 Hexes


You had 10 spell levels left.
You knew the following spells:

 Your Spells              Type           Power      Damage    Failure   Level
a - Ensorcelled Hibernat  Hex/Ice        22%        N/A       10%         2
b - Confusing Touch       Hex            18%        N/A       7%          3

Your spell library contained the following spells:

 Spells                   Type           Power      Damage    Failure   Level
 Tukima's Dance           Hex            18%        N/A       7%          3
 Freeze                   Ice            12%        1d4       17%         1
 Magic Dart               Conj           12%        1d3       17%         1
 Dazzling Flash           Conj/Hex       22%        N/A       19%         3
 Portal Projectile        Hex/Tloc       22%        N/A       19%         3
 Call Imp                 Summ           3%         N/A       26%         2
 Call Canine Familiar     Summ           3%         N/A       45%         3
 Frozen Ramparts          Ice            6%         1d1       45%         3
 Mephitic Cloud           Conj/Pois/Air  3%         N/A       45%         3
 Leda's Liquefaction      Hex/Erth       5%         N/A       52%         4
 Hailstorm                Conj/Ice       3%         3d3       86%         4


Dungeon Overview and Level Annotations

Branches:
Dungeon (6/15)             Temple (1/1) D:5

Altars:
Ashenzari
Cheibriados
Elyvilon
Fedhas
Hepliaklqana
Nemelex Xobeh
Okawaru
Sif Muna
Uskayaw
Vehumet
Yredelemnul
The Shining One

Shops:
D:3 :   D:5 (


Innate Abilities, Weirdness & Mutations

You are small and have problems with some larger weapons.
You are completely attuned to the shadows.


Message History

Confirm with . or Enter, or press ? or * to list all spells.
Aiming: Ensorcelled Hibernation (safe; 10% risk of failure)
Press: ? - help, Shift-Dir - straight line, f/p - orc wizard
Aim: an orc wizard, wielding a +0 dagger and wearing a +0 robe (slightly transparent, chance to affect: 45%)
The orc wizard resists with some effort.
The orc wizard hits you but does no damage.
The orc warrior misses you.
Unknown command.
Casting: Ensorcelled Hibernation (safe; 10% risk of failure)
Confirm with . or Enter, or press ? or * to list all spells.
Aiming: Ensorcelled Hibernation (safe; 10% risk of failure)
Press: ? - help, Shift-Dir - straight line, f/p - orc wizard
Aim: an orc wizard, wielding a +0 dagger and wearing a +0 robe (slightly transparent, chance to affect: 45%)
The orc wizard resists with some effort.
The orc wizard hits you with a +0 dagger.
The orc warrior misses you.
Casting: Ensorcelled Hibernation (safe; 10% risk of failure)
Confirm with . or Enter, or press ? or * to list all spells.
Aiming: Ensorcelled Hibernation (safe; 10% risk of failure)
Press: ? - help, Shift-Dir - straight line, f/p - orc wizard
Aim: an orc wizard, wielding a +0 dagger and wearing a +0 robe (slightly transparent, chance to affect: 45%)
The orc wizard resists with some effort.
The orc wizard hits you but does no damage.
The orc warrior closely misses you.
Casting: Ensorcelled Hibernation (safe; 10% risk of failure)
Confirm with . or Enter, or press ? or * to list all spells.
Aiming: Ensorcelled Hibernation (safe; 10% risk of failure)
Press: ? - help, Shift-Dir - straight line, f/p - orc wizard
Aim: an orc wizard, wielding a +0 dagger and wearing a +0 robe (slightly transparent, chance to affect: 45%)
The orc wizard looks drowsy...
The orc warrior hits you with a +0 dire flail!!
* * * LOW HITPOINT WARNING * * *
The helpless orc wizard fails to defend itself.
You skewer the orc wizard like a kebab!!!
You kill the orc wizard!
Fedhas appreciates your contribution to the ecosystem.
The orc priest invokes the aid of Beogh against you.
Beogh smites you!
You die...
Fedhas appreciates your contribution to the ecosystem.

####################
........#...........
.........#...#...#..
....#..................)....
....#............#...#...#..
...o#.....#.................
......#.#o#).....###########
.........oo@####.....
.#.##.....### #.....
..........## #.....
##..#......#####.....
...########P........ ##
^.......... ...............
≈~P...^##.......
~P.P..........).


You could see an orc warrior and 2 orc priests.

Vanquished Creatures
  A hornet (D:5)
  Menkaure (D:4)
  A sky beast (D:3)
  2 ogres
  A black bear (D:4)
  3 scorpions
  A necrophage (D:6)
  3 hounds (D:5)
  Jessica (D:2)
  3 iguanas
  2 orc wizards
  5 adders
  An ufetubus (D:6)
  A worm (D:2)
  A dart slug (D:1)
  12 orcs
  7 endoplasms
  6 giant cockroaches
  4 hobgoblins
  4 kobolds
  4 quokkas
  9 ball pythons
  2 bats (D:2)
  4 frilled lizards
  6 goblins
  5 rats
90 creatures vanquished.

Vanquished Creatures (others)
  A plant (D:5)
1 creature vanquished.

Grand Total: 91 creatures vanquished

Notes
Turn   | Place    | Note
-------+----------+-------------------------------------------
     0 | D:1      | Setbun the Kobold Enchanter began the quest for the Orb.
     0 | D:1      | Reached XP level 1. HP: 10/10 MP: 3/3
    59 | D:1      | Reached XP level 2. HP: 15/15 MP: 5/5
   172 | D:1      | Reached skill level 2 in Short Blades
   510 | D:1      | Reached XP level 3. HP: 20/20 MP: 6/6
   674 | D:1      | Learned a level 2 spell: Ensorcelled Hibernation
   678 | D:1      | Learned a level 3 spell: Confusing Touch
   842 | D:2      | Noticed Jessica
   847 | D:2      | Killed Jessica
   848 | D:2      | Reached XP level 4. HP: 24/24 MP: 7/7
  1013 | D:2      | Reached skill level 3 in Short Blades
  1171 | D:2      | Reached skill level 1 in Fighting
  1563 | D:2      | Found a faded altar of an unknown god.
  2024 | D:3      | Found Veve's Book Emporium.
  2057 | D:3      | Noticed a sky beast
  2061 | D:3      | Killed a sky beast
  2062 | D:3      | Reached skill level 5 in Stealth
  2062 | D:3      | Reached XP level 5. HP: 29/29 MP: 7/9
  2608 | D:4      | Found a glowing golden altar of the Shining One.
  2654 | D:4      | Noticed a black bear
  2658 | D:4      | Killed a black bear
  2659 | D:4      | Reached skill level 4 in Short Blades
  2659 | D:4      | Reached XP level 6. HP: 35/35 MP: 7/10
  3051 | D:4      | Reached XP level 7. HP: 40/40 MP: 6/11
  3445 | D:4      | Noticed Menkaure
  3449 | D:4      | Killed Menkaure
  3450 | D:4      | Reached skill level 5 in Short Blades
  3796 | D:4      | Found a white marble altar of Elyvilon.
  3957 | D:5      | Entered Level 5 of the Dungeon
  3960 | D:5      | Found a staircase to the Ecumenical Temple.
  4101 | Temple   | Entered the Ecumenical Temple
  4247 | Temple   | Became a worshipper of Fedhas Madash
  4275 | D:5      | Found Caibey's Weapon Emporium.
  4381 | D:5      | Reached XP level 8. HP: 9/45 MP: 1/13
  4644 | D:5      | Noticed a hornet
  4650 | D:5      | Killed a hornet
  4651 | D:5      | Reached skill level 6 in Short Blades
  5317 | D:6      | Reached skill level 5 in Dodging
  5337 | D:6      | Reached skill level 7 in Short Blades
  5382 | D:6      | Found an iron altar of Okawaru.
  5440 | D:6      | Killed from afar by an orc priest

Illustrated notes

Levels and vault maps discovered:
D:1:      minmay_arrival_radiant_lines, layout_rooms, minmay_statues_item
D:2:      layout_loops_ring, hellmonk_ecumenical_altar_crossroads, uniq_jessica
D:3:      layout_basic, serial_shops, shop_fountains, kennysheep_nub
D:4:      layout_loops_corners, mainiacjoe_overflow_big_doors, uniq_menkaure
D:5:      layout_loops_cross, minmay_temple_entry_drinking_statues,
          serial_shops, nicolae_shop_statue_plus, serial_bayou_pond_a
D:6:      kennysheep_steamy, layout_basic, nzn_wu_jian_contemplation,
          lemuel_coloured_pillars_altar, minmay_pentangle
Temple:   nicolae_temple_figure_zero

Skill      XL: |  1  2  3  4  5  6  7  8 |
---------------+-------------------------+-----
Short Blades   | 2 3 4 5 7 |  7.0
Dodging        | 3 4 5 |  5.1
Fighting       | 1 2 3 |  3.6
Stealth        | 5 6 |  6.8
Spellcasting   | 3 4 |  4.2
Hexes          | 4 |  4.7

Action                   |  1- 3 |  4- 6 |  7- 9 || total
-------------------------+-------+-------+-------++-------
Melee: Dagger            |    54 |    95 |    22 ||   171
       Punch             |       |     2 |     2 ||     4
       Short sword       |       |       |    52 ||    52
 Cast: Ensorcelled Hiber |       |     7 |    24 ||    31
 Stab: Sleeping          |    16 |    18 |    21 ||    55
       Distracted        |     1 |     1 |     1 ||     3
Armor: Robe              |     7 |     7 |     6 ||    20
Dodge: Dodged            |    26 |    59 |    76 ||   161

Table legend: (Time is in decaauts)
 A = Elapsed time spent in this place.
 B = Non-inter-level travel time spent in this place.
 C = Inter-level travel time spent in this place.
 D = Time resting spent in this place.
 E = Time spent auto-exploring this place.
 F = Levels seen in this place.
 G = Mean time per level.
                   A        B        C        D        E       F      G
               +--------+--------+--------+--------+--------+-----+--------+
         Total |   5400 |   5265 |    135 |    792 |   3842 |   7 |  771.4 |
       Dungeon |   5245 |   5150 |     95 |    792 |   3729 |   6 |  874.2 |
        Temple |    155 |    115 |     40 |      0 |    113 |   1 |  155.0 |
               +--------+--------+--------+--------+--------+-----+--------+

Top non-repeatable levels by time:
     D:4: 1360 daAuts
     D:5: 1171 daAuts
     D:2: 1095 daAuts
     D:3: 795 daAuts
     D:1: 676 daAuts
  Temple: 155 daAuts
     D:6: 146 daAuts
